AoeStats
← marius.zwei91

Four Lakes

508952825Analyzed
1v1 RM · 8d ago on Sep 24, 2026· 29m 0s· 2 players
Game mode
Random Map
Map size
Tiny (2 player)
Population
200
Speed
Normal
Resources
Standard
Victory
Conquest
Starting age
Dark Age
Ending age
Imperial Age
RankedLock teamsTeams togetherTeam positionsShared explorationLock speedFull tech treeHidden civsTurbo modeCheats
Victory
Defeat
🇩🇪 Vietnamese · Germany
783
+18
🇮🇹 Slavs · Italy
836
-44
marius.zwei91
8:56 Loom
12:03 Feudal Age
16:56 Castle Age
18:29 Crossbowman
19:18 Double-Bit Axe
21:31 Forging
21:13 Fletching
22:37 Gold Mining
23:25 Scale Mail Armor
25:25 Padded Archer Armor
26:08 Wheelbarrow
26:49 Thumb Ring
Amaromuro876
14:12 Feudal Age
22:48 Castle Age
21:50 Double-Bit Axe
22:01 Stone Mining
Connection lost

Rejoining the realm…

Still unreachable

The connection could not be restored.

Session expired

The server has moved on; the page needs a fresh start.